 Dungeon Crawl Stone Soup version 0.30-a0-576-g89cddaab80 (webtiles) character file.

Game seed: 14551591057296830887

108 tilp the Shield-Bearer (level 5, 0/41 HPs)
             Began as a Meteoran Fighter on Dec 30, 2022.
             Splashed by a jelly's acid (1 damage)
             ... on level 5 of the Dungeon.
             The game lasted 00:02:39 (379 turns).

tilp the Shield-Bearer (Meteoran Fighter)            Turns: 379, Time: 00:02:39

Health: 0/41       AC:  0    Str: 17    XL:     5   Next: 35%
Magic:  6/6        EV: 10    Int:  9    God:
Gold:   0          SH:  9    Dex: 16    Spells: 4/4 levels left

rFire   . . .      SeeInvis .    a - +0 long sword
rCold   . . .      Faith    .    c - +0 buckler
rNeg    . . .      Spirit   .    k - +0 scale mail
rPois   .          Reflect  .    (no helmet)
rElec   .          Harm     .    (no cloak)
rCorr   .          Rampage  .    (no gloves)
Will    .....                    (no boots) Stlth
                                 (no amulet)
HPRegen 0.26/turn                (no ring)
MPRegen 0.10/turn                (no ring)

@: corroded, glowing
A: sense surroundings 1, otherworldly, glowing, explore regen, large bone plates
1, frail 1
a: no special abilities


You were on level 5 of the Dungeon.
You visited 1 branch of the dungeon, and saw 6 of its levels.

Inventory:

Hand Weapons
 a - a +0 long sword (weapon)
 b - a +2 dagger of speed
Missiles
 e - 6 stones (quivered)
 i - 5 poisoned darts
 l - 2 silver boomerangs
Armour
 c - a +0 buckler (worn)
 k - a +0 scale mail (worn)
Scrolls
 f - a scroll of enchant armour {unknown}
 g - a scroll of immolation {unknown}
 j - a scroll of enchant weapon {unknown}


   Skills:
 + Level 3.8 Fighting
 + Level 3.2 Long Blades
 - Level 4.0 Armour
 * Level 2.7 Dodging
 + Level 1.2 Stealth
 - Level 4.0 Shields


You had 4 spell levels left.
You didn't know any spells.
Your spell library was empty.

Dungeon Overview and Level Annotations

Branches:
Dungeon (6/15) Zot: 3198
 Temple: D:4-7

Altars:


Innate Abilities, Weirdness & Mutations

You passively map a small area around you.
You are easily found by Zot.
You glow in the dark.
You regain HP and MP as you explore.
You are partially covered in large bone plates. (SH +4)
You are frail. (-10% HP)


Message History

The silver boomerang hits the jelly but does no damage.
The jelly is lightly wounded.
You are no longer corroded.
Unknown command.
Unknown command.
Unknown command.
You hit the jelly. The acid corrodes you!
Your hands burn!
* * * LOW HITPOINT WARNING * * *
The jelly is moderately wounded.
The jelly hits you.
* * * LOW HITPOINT WARNING * * *
You are splashed with acid!
* * * LOW HITPOINT WARNING * * *
You hit the jelly but do no damage.
Your hands burn!
* * * LOW HITPOINT WARNING * * *
The jelly is moderately wounded.
The jelly hits you but does no damage. The jelly closely misses you.
Unknown command.
You barely miss the jelly.
The jelly is moderately wounded.
The jelly barely misses you.
Unknown command.
It was a potion of curing.
You feel better. The jelly barely misses you.
It was a potion of mutation.
You feel extremely strange.
You feel frail.
Large bone plates grow over parts of your arms.
The jelly hits you but does no damage.
Unknown command.
Unknown command.
Unknown command.
You hit the jelly but do no damage.
Your hands burn!
* * * LOW HITPOINT WARNING * * *
The jelly is moderately wounded.
You block the jelly's attack.
You hit the jelly. The acid corrodes you!
Your hands burn!
* * * LOW HITPOINT WARNING * * *
The jelly is moderately wounded.
The jelly closely misses you.
You hit the jelly but do no damage.
Your hands burn!
You die...

* ,,##.###)[..... ,
*#........#.# *
####..##.......
####.............., ,
#...>.#..#<......#,
#####..)..>..####.$#.# ,
#.........#....##....#,*
, #.........#.......##.#
#.....##'##..#@......[
###......##..#J#####.#
#......##..#.# ,
#......##..#.# ** * *
#########..... * * *
*#....# , * , , ,
,,...... , * *.#.. , , *


You could see a jelly.

Vanquished Creatures
  A howler monkey (D:5)
  A jelly (D:5)
  Terence (D:2)
  A dart slug (D:4)
  An orc (D:5)
  An endoplasm (D:1)
  A giant cockroach (D:1)
  A hobgoblin (D:2)
  2 quokkas
  A frilled lizard (D:3)
  3 goblins
  A kobold (D:1)
  4 rats
19 creatures vanquished.

Notes
Turn   | Place    | Note
-------+----------+-------------------------------------------
     0 | D:1      | tilp the Meteoran Fighter began the quest for the Orb.
     0 | D:1      | Reached XP level 1. HP: 19/19 MP: 2/2
    73 | D:1      | Reached XP level 2. HP: 20/26 MP: 3/3
   114 | D:2      | Noticed Terence
   124 | D:2      | Killed Terence
   125 | D:2      | Reached skill level 1 in Dodging
   125 | D:2      | Reached XP level 3. HP: 18/31 MP: 4/4
   223 | D:5      | Entered Level 5 of the Dungeon
   225 | D:5      | Noticed a howler monkey
   236 | D:5      | Killed a howler monkey
   237 | D:5      | Reached skill level 1 in Stealth
   237 | D:5      | Reached XP level 4. HP: 40/40 MP: 5/5
   358 | D:5      | Reached XP level 5. HP: 7/46 MP: 6/6
   376 | D:5      | Gained mutation: You are frail. (-10% HP) [potion of
                  | mutation]
   376 | D:5      | Gained mutation: You are partially covered in large bone
                  | plates. (SH +4) [potion of mutation]
   378 | D:5      | HP: 1/41 [acid (5)]
   379 | D:5      | Splashed by a jelly's acid

Illustrated notes

Levels and vault maps discovered:
D:1:      dpeg_arrival_prison, layout_basic, kennysheep_boxes
D:2:      minmay_wonky_spiral, layout_loops_cross, uniq_terence
D:3:      layout_loops_corners, kennysheep_okawaru_gauntlet,
          hellmonk_ecumenical_altar_leap_of_faith,
          minmay_fractal_squares_diagonal_5
D:4:      layout_loops_cross, minmay_ogre_servants
D:5:      layout_basic
D:6:      layout_cave_pods, lemuel_doored_altar, nicolae_overflow_crystal_walls,
          serial_shops, kennysheep_little_box, lightli_corner_chamber

Skill      XL: |  1  2  3 |
---------------+----------+-----
Dodging        | 1 2 |  2.7
Long Blades    | 3 |  3.2
Armour         | 4 |  4.0
Stealth        | 1 |  1.2
Shields        | 4 |  4.0
Fighting       | |  3.8

Action                   |  1- 3 |  4- 6 || total
-------------------------+-------+-------++-------
Melee: Long sword        |    38 |    36 ||    74
Throw: Stone             |     1 |       ||     1
       Dart              |       |     1 ||     1
       Boomerang         |       |     1 ||     1
  Use: Potion            |     1 |     2 ||     3
Armor: Scale mail        |    15 |    17 ||    32
Dodge: Dodged            |    13 |    18 ||    31
Block: Buckler           |     9 |     8 ||    17

Table legend: (Time is in decaauts)
 A = Elapsed time spent in this place.
 B = Non-inter-level travel time spent in this place.
 C = Inter-level travel time spent in this place.
 D = Time resting spent in this place.
 E = Time spent auto-exploring this place.
 F = Levels seen in this place.
 G = Mean time per level.
                   A        B        C        D        E       F      G
               +--------+--------+--------+--------+--------+-----+--------+
         Total |    401 |    401 |      0 |      0 |      0 |   6 |   66.8 |
       Dungeon |    401 |    401 |      0 |      0 |      0 |   6 |   66.8 |
               +--------+--------+--------+--------+--------+-----+--------+

Top non-repeatable levels by time:
     D:1: 116 daAuts
     D:4: 90 daAuts
     D:5: 88 daAuts
     D:2: 68 daAuts
     D:3: 25 daAuts
     D:6: 12 daAuts
